 Dungeon Crawl Stone Soup version 0.29.1-2-gbd0b4ee654 (webtiles) character file.

Game seed: 6018729312385604885

17 DemonSlayer the Digger (level 2, -3/19 HPs)
             Began as a Demonspawn Earth Elementalist on Nov 25, 2022.
             Succumbed to a scorpion's poison
             ... on level 2 of the Dungeon.
             The game lasted 00:01:37 (979 turns).

DemonSlayer the Digger (DsEE)                        Turns: 979, Time: 00:01:38

Health: -3/19      AC:  5    Str:  8    XL:     2   Next: 44%
Magic:  3/5        EV: 12    Int: 16    God:
Gold:   57         SH:  0    Dex: 13    Spells: 2/5 levels left

rFire   + . .      SeeInvis .   k - +0 dagger
rCold   + . .      Faith    .   (no shield)
rNeg    . . .      Spirit   .   a - +0 robe
rPois   +          Reflect  .   (no helmet)
rElec   +          Harm     .   (no cloak)
rCorr   +          Rampage  .   (no gloves)
Will    .....                   j - +0 pair of boots
Stlth   ++........              (no amulet)
HPRegen 0.06/turn               (no ring)
MPRegen 0.09/turn               (no ring)

@: lethally poisoned (-3 -> -30), resistant
A: molten scales 1
a: no special abilities


You were on level 2 of the Dungeon.
You visited 1 branch of the dungeon, and saw 2 of its levels.

You collected 57 gold pieces.

Inventory:

Hand Weapons
 k - a +0 dagger (weapon)
Armour
 a - a +0 robe (worn)
 j - a +0 pair of boots (worn)
Scrolls
 d - 3 scrolls of identify {unknown}
 f - a scroll of fear {unknown}
 g - a scroll of brand weapon {unknown}
 h - 2 scrolls of immolation {unknown}
Potions
 e - a potion of curing {unknown}
 i - a potion of cancellation
 l - a potion of berserk rage {unknown}


   Skills:
 + Level 2.0 Dodging
 + Level 1.8 Stealth
 + Level 2.2 Spellcasting
 + Level 0.8 Transmutations
 + Level 3.1 Earth Magic


You had 2 spell levels left.
You knew the following spells:

 Your Spells              Type           Power      Damage    Failure   Level
a - Sandblast             Erth           22%        2d7       5%          1
b - Passwall              Tmut/Erth      6%         N/A       14%         2

Your spell library contained the following spells:

 Spells                   Type           Power      Damage    Failure   Level
 Stone Arrow              Conj/Erth      12%        3d7       32%         3
 Petrify                  Tmut/Erth      8%         N/A       65%         4


Dungeon Overview and Level Annotations

Branches:
Dungeon (2/15)

Altars:


Innate Abilities, Weirdness & Mutations

You are partially covered in molten scales. (AC +2)


Message History

You can't see any susceptible monsters within range! (Use Z to cast anyway.)
A scorpion is nearby!
You hit the scorpion.
The scorpion is lightly wounded.
The scorpion stings you.
The blast of sand hits the scorpion but does no damage.
The scorpion is lightly wounded.
The scorpion barely misses you.
The scorpion stings you but does no damage.
The blast of sand hits the scorpion but does no damage.
The scorpion is lightly wounded.
The scorpion stings you but does no damage.
The scorpion closely misses you.
You miscast Sandblast.
You are very lightly contaminated with residual magic.
Nothing appears to happen.
The scorpion stings you. Magic courses through your body.
The scorpion barely misses you.
The blast of sand hits the scorpion but does no damage.
The scorpion is lightly wounded.
The scorpion stings you but does no damage.
The scorpion misses you.
The blast of sand hits the scorpion.
The scorpion is moderately wounded.
The scorpion stings you.
You are lethally poisoned!
The scorpion poisons you! The scorpion stings you.
You are more poisoned.
The scorpion poisons you!
It was a potion of cancellation.
You feel magically purged.
Your magical contamination has completely faded away.
* * * LOW HITPOINT WARNING * * *
You feel very sick. The scorpion stings you.
* * * LOW HITPOINT WARNING * * *
You are more poisoned.
The scorpion poisons you!
Okay, then.
It was a potion of resistance.
You feel protected.
You die...

######...## ##
#.....#### ..
#........###.####.
#.....##.#.. ....
##...###.#.#..s#
##.## #.#.#...#
#.# #.......#
#.######s##..#
#........@...#
######.#.....#
#.#.....#
........#
?#.#.....#
.#.#.....# .
..##.#### ..


You could see a scorpion.

Vanquished Creatures
  A ball python (D:1)
  3 bats
  2 endoplasms (D:1)
  A giant cockroach (D:1)
  2 goblins (D:1)
  2 hobgoblins (D:2)
  A frilled lizard (D:1)
  A kobold (D:1)
  2 rats
15 creatures vanquished.

Notes
Turn   | Place    | Note
-------+----------+-------------------------------------------
     0 | D:1      | DemonSlayer the Demonspawn Earth Elementalist began the
                  | quest for the Orb.
     0 | D:1      | Reached XP level 1. HP: 13/13 MP: 3/3
   323 | D:1      | Reached skill level 3 in Earth Magic
   389 | D:1      | Found a faded altar of an unknown god.
   443 | D:1      | Gained mutation: You are partially covered in molten
                  | scales. (AC +2) [demonic ancestry]
   443 | D:1      | Reached XP level 2. HP: 19/19 MP: 1/5
   446 | D:1      | Learned a level 2 spell: Passwall
   967 | D:2      | Noticed a scorpion
   979 | D:2      | Succumbed to a scorpion's poison

Illustrated notes

Levels and vault maps discovered:
D:1:      onia_arrival_mini_maze_b, layout_loops_ring, basic_ecumenical_altar
D:2:      layout_loops_cross, kennysheep_generic_room_4

Skill      XL: |  1 |
---------------+----+-----
Earth Magic    | 3 |  3.1
Dodging        | 2 |  2.0
Stealth        | |  1.8
Spellcasting   | |  2.2
Transmutations | |  0.8

Action                   || total
-------------------------++-------
Melee: Unarmed           ||     2
       Dagger            ||     1
 Cast: Sandblast         ||    25
  Use: Potion            ||     3
Armor: Robe              ||     6
Dodge: Dodged            ||    11
